cohdb
Replays
Latest Replays
All Replays
Popular Replays
Top Player Replays
Match Explorer
How It Works
Community
CoH3 Stats
Reddit
Sign in to upload your games and track your stats! →
Sign in with Steam
Match 42951717
Unlisted
Match 42951717
Overview
Messages
Build Orders
End
Selects Heavy Weapons
Construct Weapon Support Center
Engineer Squad
M1919 Machine Gun Team
Engineer Squad
M1919 Machine Gun Team
Mechanized Support Center
Bazooka Squad
Selects Assault Carriers
M3 Assault Carrier
Improved M9 Bazooka Rockets
M1919 Machine Gun Team
Selects M2HB .50cal Heavy Machine Gun
Construct Tank Depot
Bazooka Squad
Dahlian
Random_Target
Luce
just a chill world leader ♡
SNIPER
白象火鸡面真好吃
Lemme smash
BLACK.DRAGON
0
0
Comments
sign in to comment!
No comments posted yet!